 Seeded DCSS version 0.29-a0-375-g5102b3be25 (webtiles) character file.

Game seed: 3853640191977401903 (custom seed)

16 zeratav the Changer (level 2, -1/18 HPs)
             Began as an Octopode Transmuter on May 3, 2022.
             Slain by a gnoll
             ... wielding a +0 flail
              (8 damage)
             ... on level 1 of the Dungeon.
             The game lasted 00:00:18 (203 turns).

zeratav the Changer (Octopode Transmuter)            Turns: 203, Time: 00:00:18

Health: -1/18      AC:  1    Str:  9    XL:     2   Next: 58%
Magic:  2/5        EV: 13    Int: 15    God:
Gold:   24         SH:  0    Dex: 12    Spells: 4/5 levels left

rFire   . . .      SeeInvis .     - Unarmed
rCold   . . .      Faith    .   (no shield)
rNeg    . . .      Spirit   .   (helmet currently unavailable)
rPois   .          Reflect  .   (no amulet)
rElec   .          Harm     .   (no ring)
rCorr   .          Rampage  .   (no ring)
Will    .....                   (no ring)
Stlth   ++........              (no ring)
HPRegen 0.06/turn               (no ring)
MPRegen 0.09/turn               (no ring)
                                (no ring)
                                (no ring)

@: appendages (expiring)
A: tentacle spike 3, almost no armour, amphibious, 8 rings, camouflage 1,
gelatinous body 1, (nimble swimmer 1), tentacles
a: End Transformation


You were on level 1 of the Dungeon.
One of your tentacles had grown a beastly spike.
You visited 1 branch of the dungeon, and saw 1 of its levels.

You collected 24 gold pieces.


Innate Abilities, Weirdness & Mutations

One of your tentacles has grown a beastly spike.
You cannot wear most types of armour.
You are amphibious.
You can wear up to eight rings at the same time.
Your skin changes colour to match your surroundings (Stealth+).
Your rubbery body absorbs attacks. (AC +1, EV +1)
((You are camouflaged when in or above water. (Stealth+)))
You have tentacles for arms and can constrict up to eight enemies at once.


   Skills:
 - Level 1.0 Fighting
 - Level 2.0 Dodging
 - Level 3.0 Unarmed Combat
 - Level 2.0 Spellcasting
 + Level 3.1 Transmutations


You had 4 spell levels left.
You knew the following spells:

 Your Spells              Type           Power      Damage    Failure   Level
a - Beastly Appendage     Tmut           20%        N/A       6%          1

Your spell library contained the following spells:

 Spells                   Type           Power      Damage    Failure   Level
 Wereblood                Tmut           10%        N/A       10%         2
 Spider Form              Tmut/Pois      6%         N/A       34%         3
 Ice Form                 Ice/Tmut       6%         N/A       75%         4

Inventory:

Scrolls
 c - 3 scrolls of teleportation {unknown}
 d - a scroll of amnesia {unknown}
Potions
 a - a potion of lignification {!q}
 b - a potion of curing {unknown}

Dungeon Overview and Level Annotations

Branches:
Dungeon (1/15)

Altars:

.P.# ...._....# #...
.#...#..#### ...
#.##.##.##<.#
..###$#####.......###..
......$.?.#........###.
.####..#...#####..##..
##..##.##.## #..#...
#...g#.)#.#######.#>##
#K@).#.........###
##..##.......#...#
..####........###..#
....................
#####.........######
#....††...# #.........#
#.........# #.........#


You could see a gnoll and a kobold.


Message History

You lost 1 mp, and now have 2/3 mp.
An endoplasm is nearby!
A giant cockroach and a rat come into view.
Your magical contamination has completely faded away.
The helpless endoplasm fails to defend itself.
You tentacle-slap the endoplasm. You barely miss the endoplasm.
The endoplasm barely misses you. The rat closely misses you.
You tentacle-slap the endoplasm.
You kill the endoplasm!
The rat misses you.
You barely miss the rat. You grab the rat. You squeeze the rat.
You kill the rat!
Things that are here:
3 scrolls labelled SERAALURRU; a rat corpse You closely miss the giant cockroach.
Your grab misses the giant cockroach. You squeeze the giant cockroach.
The giant cockroach bites you.
HP[-2] MP[+1]
You take 2 damage, and now have 11/13 hp.
Your mp is fully restored (3).
You tentacle-slap the giant cockroach.
You kill the giant cockroach!
No target in view!
No target in view!
No target in view!
No target in view!
No target in view!
No target in view!
No target in view!
No target in view!
No target in view!
No target in view!
No target in view!
No target in view!
No target in view!
No target in view!
c - 3 scrolls labelled SERAALURRU You see here a rat corpse.
HP[+2]
Your hp is fully restored (13).
d - a scroll labelled WIKLIOLOKK You see here a giant cockroach corpse.
A gnoll comes into view. It is wielding a +0 club.
You see here a scroll labelled SULOOFOXOBO.
A gnoll is nearby!
You miscast Beastly Appendage.
You are very lightly contaminated with residual magic.
Nothing appears to happen.
MP[-1]
You lost 1 mp, and now have 2/3 mp.
A kobold comes into view. It is wielding a +0 short sword.
One of your tentacles grows a vicious spike.
MP[-1]
You lost 1 mp, and now have 1/3 mp.
The helpless kobold fails to defend itself.
You tentacle-slap the kobold.
You kill the kobold!
The gnoll shouts!
You hear a shout! x2
You tentacle-slap the gnoll. Your grab misses the gnoll.
Your tentacle spike misses the gnoll.
The gnoll barely misses you.
Your magical contamination has completely faded away.
You tentacle-slap the gnoll. Your grab misses the gnoll. You squeeze the gnoll.
The gnoll misses you.
A kobold comes into view. It is wielding a +0 whip.
You tentacle-slap the gnoll. You grab the gnoll.
You pierce the gnoll.
You squeeze the gnoll.
You kill the gnoll!
Your Transmutations skill increases to level 3!
You have reached level 2!
HP[+5]
You now have 18 max hp (+5).
Your hp is fully restored (18).
You closely miss the kobold. You grab the kobold.
You pierce the kobold.
You kill the kobold!
A gnoll and a kobold come into view.
The gnoll closely misses you.
Things that are here:
a +0 whip {mace}; 3 stones {throwing}; 4 gold pieces You barely miss the gnoll.
Your grab misses the gnoll.
Your tentacle spike misses the gnoll.
The gnoll barely misses you.
MP[+1]
You barely miss the gnoll. Your grab misses the gnoll.
You pierce the gnoll.
Your transformation is almost over.
The kobold hits you with a +0 whip. The gnoll barely misses you.
HP[-1]
You take 1 damage, and now have 17/18 hp.
You tentacle-slap the gnoll. You grab the gnoll.
You pierce the gnoll, but do no damage.
You constrict the gnoll, but do no damage.
The kobold hits you with a +0 whip. The gnoll hits you with a +0 flail.
HP[-4]
You take 4 damage, and now have 13/18 hp.
MASSIVE DAMAGE!! (PAUSE)
You tentacle-slap the gnoll but do no damage.
You pierce the gnoll.
You tentacle-slap the gnoll, but do no damage.
You squeeze the gnoll. You constrict the gnoll.
The kobold hits you with a +0 whip.
* * * LOW HITPOINT WARNING * * *
The gnoll hits you with a +0 flail!
You die...

Skill      XL: |  1 |
---------------+----+-----
Transmutations | 3 |  3.1
Fighting       | |  1.0
Dodging        | |  2.0
Unarmed Combat | |  3.0
Spellcasting   | |  2.0

Action                   || total
-------------------------++-------
Melee: Unarmed           ||    17
       Tentacles         ||     5
       Constrict         ||     4
       Kick              ||     5
       Punch             ||     1
 Cast: Beastly Appendage ||     2
 Stab: Sleeping          ||     2
Dodge: Dodged            ||     9

Levels and vault maps discovered:
D:1:      minmay_arrival_jagged, layout_rooms, serial_bayou,
          serial_bayou_pond_b, serial_bayou_pond_c, serial_bayou_lake_a,
          serial_bayou_ford_a, ebering_ecumenical_altar_box,
          minmay_close_crescents

Notes
Turn   | Place    | Note
-------+----------+-------------------------------------------
     0 | D:1      | zeratav the Octopode Transmuter began the quest for the
                  | Orb.
     0 | D:1      | Reached XP level 1. HP: 13/13 MP: 3/3
     0 | D:1      | magus.rc [v1.9.6]
   122 | D:1      | Found a faded altar of an unknown god.
   198 | D:1      | Reached skill level 3 in Transmutations
   198 | D:1      | Reached XP level 2. HP: 18/18 MP: 1/5
   203 | D:1      | Slain by a gnoll

Vanquished Creatures
  A gnoll (D:1)
  An endoplasm (D:1)
  A giant cockroach (D:1)
  A frilled lizard (D:1)
  3 kobolds (D:1)
  A rat (D:1)
8 creatures vanquished.

Table legend:
 A = Non-vault XP
 B = Vault XP
 C = Vault XP percentage of total XP
 D = Non-vault monster count
 E = Vault monster count
 F = Vault count percentage of total count
                 A         B        C        D         E       F
            +---------+---------+-------+---------+---------+-------
      Total |       7 |      17 |  70.8 |       5 |       3 |  37.5
            +---------+---------+-------+---------+---------+-------
        D:1 |       7 |      17 |  70.8 |       5 |       3 |  37.5
            +---------+---------+-------+---------+---------+-------

Illustrated notes

Table legend:
 A = Kills in this place as a percentage of kills in entire the game.
 B = Kills by you in this place as a percentage of kills by you in the entire game.
 C = Kills by friends in this place as a percentage of kills by friends in the entire game.
 D = Other kills in this place as a percentage of other kills in the entire game.
 E = Experience gained in this place as a percentage of experience gained in the entire game.
 F = Experience gained in this place divided by the number of levels of this place that you have seen.
                   A       B       C       D       E      F
               +-------+-------+-------+-------+-------+----------------------
         Total | 100.0 | 100.0 |   N/A |   N/A | 100.0 |  24.0
       Dungeon | 100.0 | 100.0 |   N/A |   N/A | 100.0 |  24.0
               +-------+-------+-------+-------+-------+----------------------

Table legend: (Time is in decaauts)
 A = Elapsed time spent in this place.
 B = Non-inter-level travel time spent in this place.
 C = Inter-level travel time spent in this place.
 D = Time resting spent in this place.
 E = Time spent auto-exploring this place.
 F = Levels seen in this place.
 G = Mean time per level.
                   A        B        C        D        E       F      G
               +--------+--------+--------+--------+--------+-----+--------+
         Total |    202 |    202 |      0 |      0 |    155 |   1 |  202.0 |
       Dungeon |    202 |    202 |      0 |      0 |    155 |   1 |  202.0 |
               +--------+--------+--------+--------+--------+-----+--------+

Top non-repeatable levels by time:
     D:1: 202 daAuts
